 Dungeon Crawl Stone Soup version 0.25.1-8-g42b30a86e7 (webtiles) character file.

Game seed: 10021553950015294243

78 Destapler the Chiller (level 4, 0/33 HPs)
             Began as a Merfolk Ice Elementalist on Dec 10, 2020.
             Slain by an orc
             ... wielding a +0 war axe
              (8 damage)
             ... on level 3 of the Dungeon.
             The game lasted 00:07:50 (2721 turns).

Destapler the Chiller (Merfolk Ice Elementalist)    Turns: 2721, Time: 00:07:50

Health: 0/33       AC:  4    Str:  6 (8)  XL:     4   Next: 36%
Magic:  7/7        EV: 17    Int: 11 (14) God:
Gold:   96         SH:  0    Dex: 21      Spells: 7/8 levels left

rFire    . . .     SeeInvis +   a - +0 spear
rCold    . . .     Gourm    .   (no shield)
rNeg     . . .     Faith    .   i - +0 troll leather armour
rPois    .         Spirit   .   (no helmet)
rElec    .         Reflect  .   (no cloak)
rCorr    .         Harm     .   (no gloves)
MR       .....                  (boots currently unavailable)
Stlth    +++.......             (no amulet)
HPRegen  0.51/turn              e - +6 ring of dexterity
MPRegen  0.10/turn              d - ring of see invisible

@: brilliant, very quick
A: change form in water, swift swim, stealthy swim
a: no special abilities


You were on level 3 of the Dungeon.
You were not hungry.

You visited 1 branch of the dungeon, and saw 3 of its levels.

You collected 96 gold pieces.

Inventory:

Hand Weapons
 a - a +0 spear (weapon)
Armour
 h - a +0 robe
 i - a +0 troll leather armour (worn)
Jewellery
 d - a ring of see invisible (right hand)
 e - a +6 ring of dexterity (left hand)
Scrolls
 b - a scroll of immolation {unknown}
 g - a scroll of random uselessness {unknown}
 k - a scroll of enchant weapon {unknown}
 n - 2 scrolls of identify {unknown}
 o - a scroll of remove curse {unknown}
 p - a scroll of fear {unknown}
Potions
 f - a potion of haste {unknown}
 j - a potion of stabbing {unknown}
 l - 3 potions of curing {unknown}
 m - a potion of brilliance
Comestibles
 c - 2 rations
 q - 5 chunks of flesh


   Skills:
 + Level 1.6 Fighting
 + Level 3.5 Dodging
 + Level 3.0 Stealth
 + Level 2.5 Spellcasting
 + Level 4.8 Ice Magic


You had 7 spell levels left.
You knew the following spells:

 Your Spells              Type           Power        Failure   Level  Hunger
a - Freeze                Ice            ###.         6%          1    None

Your spell library contained the following spells:

 Spells                   Type           Power        Failure   Level  Hunger
 Frozen Ramparts          Ice            ###...       19%         3    None
 Ozocubu's Armour         Chrm/Ice       ##......     43%         3    None
 Hailstorm                Conj/Ice       ##......     85%         4    None
 Summon Ice Beast         Ice/Summ       ##......     85%         4    None


Dungeon Overview and Level Annotations

Branches:
Dungeon (3/15)

Altars:
Fedhas
Gozag


Message History

The orc closely misses you. The orc misses you. The orc barely misses you.
You hit the orc priest.
The orc priest is lightly wounded.
The leopard gecko closely misses you. The rat bites you but does no damage.
The orc throws a boomerang.
The boomerang barely misses you.
The weapon returns to the orc!
A hobgoblin comes into view. It is wielding a +0 club.
The orc priest splashes around in the water.
The orc hits you from afar with a +0 trident!
* * * LOW HITPOINT WARNING * * *
The leopard gecko bites you.
* * * LOW HITPOINT WARNING * * *
The orc misses you. The orc hits you with a +0 flail.
* * * LOW HITPOINT WARNING * * *
It was a potion of brilliance.
You feel clever all of a sudden.
The rat splashes around in the water.
The orc throws a boomerang.
The boomerang misses you.
The weapon returns to the orc!
The orc hits you with a +0 war axe!
You die...

## ## ###... #. ../.### ##
#####.#####...#.# #.
g...≈....#......## #.
....≈≈≈.≈.....#.. #.
..(..≈ooo......# #.
#.≈lo@ls.....## #####(###
##≈oo.ro......#
#...#.#<#....##.o.....#.##
#...#...#### ####....#..#
#...###.# #....##.#
#....÷..# ####.##.#
#...##.## #.##.# #...##.#
#.##÷## #...##.# ..##..#


You could see an orc priest, 7 orcs, a leopard gecko, a giant cockroach, a
hobgoblin (wandering), a frilled lizard and a rat.

Vanquished Creatures
  2 adders
  3 worms (D:2)
  2 dart slugs
  A leopard gecko (D:2)
  A giant cockroach (D:1)
  9 goblins
  2 hobgoblins (D:2)
  4 jackals (D:1)
  6 kobolds
  A quokka (D:2)
  8 bats
  2 frilled lizards
  6 rats
47 creatures vanquished.

Notes
Turn   | Place    | Note
-------+----------+-------------------------------------------
     0 | D:1      | Destapler the Merfolk Ice Elementalist began the quest for
                  | the Orb.
     0 | D:1      | Reached XP level 1. HP: 13/13 MP: 3/3
    11 | D:1      | You fall into a shaft and drop 1 floor!
   272 | D:1      | Reached XP level 2. HP: 20/20 MP: 0/5
   318 | D:1      | HP: 1/20 [jackal (3)]
   967 | D:1      | Reached skill level 1 in Fighting
  1044 | D:1      | Reached XP level 3. HP: 22/26 MP: 6/6
  1673 | D:2      | HP: 1/26 [worm (9)]
  2370 | D:2      | Found an opulent altar of Gozag.
  2500 | D:2      | Reached XP level 4. HP: 23/32 MP: 7/7
  2709 | D:3      | Found a blossoming altar of Fedhas.
  2721 | D:3      | Slain by an orc

Illustrated notes

Levels and vault maps discovered:
D:1:      ebering_trefoil_3fold, layout_basic
D:2:      layout_rooms, grunt_gozag_breadcrumbs
D:3:      layout_basic, fedhas_altar_2, first_ration

Skill      XL: |  1  2  3  4 |
---------------+-------------+-----
Dodging        | 3 |  3.5
Fighting       | 1 |  1.6
Stealth        | 3 |  3.0
Spellcasting   | |  2.5
Ice Magic      | |  4.8

Action                   |  1- 3 |  4- 6 || total
-------------------------+-------+-------++-------
Melee: Spear             |   171 |    46 ||   217
       Unarmed           |    24 |       ||    24
 Cast: Freeze            |    17 |       ||    17
  Use: Potion            |     2 |     1 ||     3
 Stab: Sleeping          |     8 |       ||     8
  Eat: Chunk             |     4 |     2 ||     6
Armor: Robe              |    24 |       ||    24
       Troll leather arm |    10 |    21 ||    31
Dodge: Dodged            |   170 |    49 ||   219
